[Event "Titled Tuesday Blitz May 2 Early 2023"]
[White "Gharibyan, Mamikon"]
[Black "Deac, Bogdan-Daniel"]
[WhiteFideId "13308300"]
[BlackFideId "1226380"]
[WhiteElo "2445"]
[BlackElo "2649"]
[Result "1-0"]
[Round "09"]
[TimeControl "180+2"]
[Date "2023.05.02"]
[WhiteClock "0:00:04"]
[BlackClock "0:00:07"]

1. d4 Nf6 2. Nf3 d5 3. Bf4 c5 4. e3 Nc6 5. Nbd2 Nh5 6. dxc5 Nxf4 7. exf4 Qa5 8. c4 e6 9. a3 Qxc5 10. b4 Qd6 11. g3 g6 12. Bg2 Bg7 13. Rb1 a5 14. O-O axb4 15. cxd5 exd5 16. Re1+ Ne7 17. axb4 Bf5 18. Rb3 O-O 19. Nh4 Ra1 20. Qe2 Rxe1+ 21. Qxe1 Be6 22. Nhf3 Ra8 23. Rb1 Bf5 24. Rd1 Qxb4 25. Ne5 Ra2 26. h4 h5 27. Ndf3 Qxe1+ 28. Rxe1 f6 29. Nd7 Kf7 30. Nc5 b6 31. Nb7 Bf8 32. Nd4 Bg4 33. Rc1 Ke8 34. Nd6+ Kd7 35. N4b5 Nc6 36. Bxd5 Nb4 37. Bxa2 Bxd6 38. Bc4 Bc5 39. Rb1 Bf5 40. Ra1 Kc6 41. Ra7 Bd6 42. Nxd6 Kxd6 43. Rb7 Kc5 44. Be2 Nc6 45. f3 Nd4 46. Kf2 b5 47. Bd1 b4 48. g4 Be6 49. f5 Bd5 50. Rc7+ Kd6 51. Rc8 hxg4 52. Rd8+ Kc5 53. fxg6 g3+ 54. Kxg3 b3 55. Kf2 b2 56. Rb8 Bb3 57. Bxb3 b1=Q 58. Rc8+ Kd6 59. g7 Qb2+ 60. Bc2 Nxc2 61. g8=Q Nd4+ 62. Kg3 Nf5+ 63. Kh3 Ne7 64. Qd8+ Ke6 65. Rc7 Qb4 66. Rxe7+ Qxe7 67. Qxe7+ Kxe7 68. Kg4 Ke6 69. h5 Kf7 70. Kf5 1-0


[Site "https://www.chess.com"]

[Event "Titled Tuesday Blitz May 2 Early 2023"]
[White "Kosakowski, Jakub"]
[Black "Ibarra Jerez, Jose Carlos"]
[WhiteFideId "1185080"]
[BlackFideId "2226332"]
[WhiteElo "2488"]
[BlackElo "2638"]
[Result "1-0"]
[Round "09"]
[TimeControl "180+2"]
[Date "2023.05.02"]
[WhiteClock "0:00:07"]
[BlackClock "0:00:01"]

1. d4 Nf6 2. Nf3 g6 3. Nbd2 Bg7 4. e4 d6 5. Bb5+ c6 6. Bd3 O-O 7. O-O c5 8. c3 cxd4 9. cxd4 Nc6 10. h3 d5 11. e5 Ne8 12. Nb3 Nc7 13. Re1 f6 14. exf6 exf6 15. Bd2 Qd6 16. Rc1 Ne6 17. a3 Rd8 18. Bb5 Ne7 19. Bb4 Qb6 20. Bxe7 Qxb5 21. Bxd8 Nxd8 22. Rc5 Qd7 23. Qc2 Ne6 24. Rc3 b6 25. Rce3 Qd6 26. Qe2 Kf7 27. Nc1 Bd7 28. Nd3 Rc8 29. Qd1 a5 30. Qd2 Re8 31. R3e2 Rc8 32. g3 h5 33. Nf4 Nxf4 34. Re7+ Qxe7 35. Rxe7+ Kxe7 36. Qxf4 Bxh3 37. Qe3+ Kf7 38. Qb3 Be6 39. Qxb6 Rc2 40. Qxa5 Kg8 41. Qa4 Rc1+ 42. Kg2 Bf5 43. Qa8+ Kh7 44. Qxd5 Rc2 45. Nh4 Bd3 46. Qf3 Rd2 47. Qe3 Rd1 48. d5 Bf1+ 49. Kh2 Rxd5 50. Qe4 Rd1 51. Qxg6+ Kh8 52. Qxh5+ Kg8 53. Qxd1 Bc4 54. Nf5 Bf8 55. Qg4+ 1-0


[Site "https://www.chess.com"]

[Event "Titled Tuesday Blitz May 2 Early 2023"]
[White "Seo, Jung Min"]
[Black "Lenderman, Aleksandr"]
[WhiteFideId "1734687"]
[BlackFideId "2021285"]
[WhiteElo "2468"]
[BlackElo "2607"]
[Result "0-1"]
[Round "09"]
[TimeControl "180+2"]
[Date "2023.05.02"]
[WhiteClock "0:00:13"]
[BlackClock "0:01:04"]

1. e4 g6 2. d4 Bg7 3. Nf3 c6 4. Be2 d6 5. O-O Nf6 6. Nc3 O-O 7. Re1 Bg4 8. h3 Bxf3 9. Bxf3 Nbd7 10. e5 dxe5 11. dxe5 Ne8 12. e6 fxe6 13. Bg4 Nc7 14. Bxe6+ Nxe6 15. Rxe6 Nc5 16. Qxd8 Raxd8 17. Re1 Bd4 18. Nd1 Rd7 19. Bg5 Kf7 20. Be3 Rfd8 21. Bxd4 Rxd4 22. Ne3 Ne4 23. Rad1 Nd2 24. Kh1 Nc4 25. Rxd4 Rxd4 26. Nxc4 Rxc4 27. Re2 Rd4 28. g3 b5 29. Kg2 a5 30. c3 Rd1 31. h4 Rb1 32. Kf3 e5 33. Rxe5 Rxb2 34. Rc5 Rxa2 35. Rxc6 a4 36. Ke3 Rc2 37. f4 b4 38. Kd3 Rxc3+ 39. Rxc3 bxc3 40. Kxc3 h5 0-1


[Site "https://www.chess.com"]

[Event "Titled Tuesday Blitz May 2 Early 2023"]
[White "Kramnik, Vladimir"]
[Black "Postny, Evgeny"]
[WhiteFideId "4101588"]
[BlackFideId "2804344"]
[WhiteElo "2712"]
[BlackElo "2504"]
[Result "1-0"]
[Round "09"]
[TimeControl "180+2"]
[Date "2023.05.02"]
[WhiteClock "0:00:08"]
[BlackClock "0:00:01"]

1. e4 e5 2. Nf3 Nc6 3. g3 Bc5 4. Bg2 d6 5. c3 Nge7 6. d4 Bb6 7. Be3 O-O 8. O-O d5 9. Nbd2 exd4 10. Nxd4 Nxd4 11. Bxd4 c5 12. Be3 d4 13. Bf4 Ng6 14. e5 Nxf4 15. gxf4 f6 16. Qb3+ Kh8 17. Rae1 dxc3 18. Nc4 fxe5 19. fxe5 Be6 20. Qxc3 Qd4 21. Nd6 Qxc3 22. bxc3 Ba5 23. Re3 Rab8 24. Nxb7 Bb6 25. Nd6 c4 26. Re4 Ba5 27. f4 Bxc3 28. f5 Bg8 29. e6 Bb4 30. Nxc4 Bc5+ 31. Kh1 Rb4 32. Ne5 Rxe4 33. Bxe4 Bd6 34. Nc4 Be7 35. Rd1 g6 36. Rd7 Re8 37. Nd6 Bxd6 38. Rxd6 gxf5 39. Bxf5 Kg7 40. Ra6 Re7 41. Kg2 Kf6 42. Bg4 Bxe6 43. Kf3 Ke5 44. Bxe6 Rxe6 45. Rxa7 Rh6 46. Kg3 Kd5 47. h4 Kc5 48. Kg4 Rg6+ 49. Kh5 Rf6 50. Rxh7 Ra6 51. Rf7 1-0


[Site "https://www.chess.com"]

[Event "Titled Tuesday Blitz May 2 Early 2023"]
[White "Demchenko, Anton"]
[Black "Karthik Rajaa"]
[WhiteFideId "4160258"]
[BlackFideId "25035215"]
[WhiteElo "2545"]
[BlackElo "2215"]
[Result "1-0"]
[Round "09"]
[TimeControl "180+2"]
[Date "2023.05.02"]
[WhiteClock "0:00:05"]
[BlackClock "0:00:06"]

1. e4 c6 2. d4 d5 3. e5 c5 4. Nf3 cxd4 5. Nxd4 Nc6 6. Nxc6 bxc6 7. Bd3 e6 8. Nd2 Ne7 9. Nf3 a5 10. Qe2 Ng6 11. h4 h6 12. Rh3 Ne7 13. Kf1 Qb6 14. c4 Ba6 15. Be3 Qb7 16. b3 g6 17. Bc5 h5 18. Kg1 Nf5 19. Bxf8 Kxf8 20. Rc1 dxc4 21. bxc4 Rd8 22. Bxf5 gxf5 23. Qe3 Qb4 24. a3 Qe7 25. Rg3 c5 26. Qc3 Bb7 27. Qxa5 Bxf3 28. Rxf3 Rg8 29. Rb1 Rg4 30. g3 f4 31. Rxf4 Rxf4 32. gxf4 Rd4 33. Rb8+ Kg7 34. Qa8 Kg6 35. Rg8+ Kf5 36. Qf3 Rxf4 37. Qxh5+ Ke4 38. Qe2+ Kd4 39. Qe3+ Kxc4 40. Qxf4+ Kb5 41. Rg3 Qd8 42. Qf3 Qd4 43. Qb3+ Ka5 44. Qc3+ 1-0


[Site "https://www.chess.com"]

[Event "Titled Tuesday Blitz May 2 Early 2023"]
[White "Madaminov, Mukhiddin"]
[Black "Kozak, Antoni"]
[WhiteFideId "14210703"]
[BlackFideId "21832030"]
[WhiteElo "2511"]
[BlackElo "2470"]
[Result "1-0"]
[Round "09"]
[TimeControl "180+2"]
[Date "2023.05.02"]
[WhiteClock "0:00:15"]
[BlackClock "0:00:02"]

1. d4 Nf6 2. Nc3 e6 3. Bf4 a6 4. e4 d5 5. Bd3 c5 6. dxc5 Bxc5 7. Nf3 d4 8. Ne2 Nc6 9. O-O O-O 10. Ng3 Nb4 11. e5 Nxd3 12. Qxd3 Nd5 13. Bg5 Qb6 14. Ne4 Bd7 15. Nxc5 Qxc5 16. Nxd4 Nb4 17. Qd2 Bc6 18. c3 Nd5 19. Rfe1 a5 20. a4 Ra6 21. Be3 Qc4 22. Nxc6 bxc6 23. Qe2 Qxe2 24. Rxe2 Rb8 25. Bc5 Raa8 26. g3 g5 27. Kg2 Kg7 28. Ra3 Kg6 29. b3 Rb7 30. b4 Nc7 31. Bd6 Nd5 32. Rb2 h5 33. b5 h4 34. c4 h3+ 35. Kxh3 Rh8+ 36. Kg2 g4 37. cxd5 cxd5 38. b6 f5 39. exf6 Rbh7 40. h4 gxh3+ 41. Kh2 Rb7 42. Rf3 Kf7 43. Rc2 Rxb6 44. Rc7+ Kg6 45. Rg7+ Kh5 46. g4+ Kh6 47. Bf4# 1-0


[Site "https://www.chess.com"]

[Event "Titled Tuesday Blitz May 2 Early 2023"]
[White "Hua, Lefong"]
[Black "Suleymanli, Aydin"]
[WhiteFideId "2602253"]
[BlackFideId "13413937"]
[WhiteElo "2305"]
[BlackElo "2559"]
[Result "0-1"]
[Round "09"]
[TimeControl "180+2"]
[Date "2023.05.02"]
[WhiteClock "0:00:13"]
[BlackClock "0:00:59"]

1. d4 Nf6 2. c4 e6 3. Nc3 Bb4 4. f3 d5 5. a3 Be7 6. e4 dxe4 7. fxe4 c5 8. d5 exd5 9. exd5 O-O 10. Nf3 Re8 11. Be2 Bg4 12. O-O Bd6 13. Nb5 a6 14. Nxd6 Qxd6 15. Nd4 Bxe2 16. Nxe2 Qe5 17. Ng3 Nbd7 18. Bf4 Qxb2 19. Nf5 Re2 20. Rb1 Rxg2+ 21. Kh1 Qa2 22. Rxb7 Rg4 23. Ne3 Rg6 24. Qf3 Re8 25. d6 Qxa3 26. Qc6 Qd3 27. Ng2 Qxf1# 0-1


[Site "https://www.chess.com"]

[Event "Titled Tuesday Blitz May 2 Early 2023"]
[White "Zhigalko, Sergei"]
[Black "Averjanov, Alexey"]
[WhiteFideId "13502956"]
[BlackFideId "14109867"]
[WhiteElo "2626"]
[BlackElo "2399"]
[Result "0-1"]
[Round "09"]
[TimeControl "180+2"]
[Date "2023.05.02"]
[WhiteClock "0:00:14"]
[BlackClock "0:00:16"]

1. e4 c5 2. Nf3 d6 3. d4 cxd4 4. Qxd4 Bd7 5. Bc4 Nc6 6. Qd3 Nf6 7. Nc3 g6 8. Bg5 Bg7 9. Bb3 O-O 10. O-O-O Na5 11. e5 Nxb3+ 12. axb3 Bf5 13. Qe2 Nd7 14. exd6 Qa5 15. dxe7 Rfc8 16. Kb1 Rxc3 17. e8=Q+ Rxe8 18. Qxe8+ Nf8 19. Rd2 Rxb3 20. Nd4 Bxd4 21. Rxd4 Qc3 22. Qxf8+ Kxf8 23. Bh6+ Ke7 24. Re1+ Qxe1+ 0-1


[Site "https://www.chess.com"]

[Event "Titled Tuesday Blitz May 2 Early 2023"]
[White "Galchenko, Matvey"]
[Black "Perez Gormaz, Matias"]
[WhiteFideId "24175480"]
[BlackFideId "3406342"]
[WhiteElo "2423"]
[BlackElo "2362"]
[Result "1-0"]
[Round "09"]
[TimeControl "180+2"]
[Date "2023.05.02"]
[WhiteClock "0:00:31"]
[BlackClock "0:00:13"]

1. e4 e5 2. Nf3 Nc6 3. d4 exd4 4. Nxd4 Bb4+ 5. c3 Be7 6. Nf5 Bf6 7. c4 Nge7 8. Ne3 O-O 9. Nc3 d6 10. Be2 Bxc3+ 11. bxc3 f5 12. exf5 Nxf5 13. O-O Nxe3 14. Bxe3 Be6 15. c5 d5 16. Qb1 Rb8 17. Rd1 Qh4 18. Qd3 Rbe8 19. Qb5 Rb8 20. Rab1 Kh8 21. Rb2 h6 22. Rbd2 a6 23. Qb1 Bf5 24. Bd3 Be4 25. Bxe4 dxe4 26. Rd5 Rbe8 27. Qxb7 Ne5 28. Qxc7 Ng4 29. Qg3 Qxg3 30. hxg3 Nxe3 31. fxe3 Rc8 32. R1d4 Rfe8 33. Kf2 Rc6 34. Rd8 Rxd8 35. Rxd8+ Kh7 36. Rd5 Kg6 37. Rd6+ Rxd6 38. cxd6 Kf6 39. c4 Ke5 40. c5 Kd5 41. d7 1-0


[Site "https://www.chess.com"]

[Event "Titled Tuesday Blitz May 2 Early 2023"]
[White "Rustemov, Alexander"]
[Black "Soham Kamotra"]
[WhiteFideId "4119002"]
[BlackFideId "46647490"]
[WhiteElo "2525"]
[BlackElo "2209"]
[Result "0-1"]
[Round "09"]
[TimeControl "180+2"]
[Date "2023.05.02"]
[WhiteClock "0:00:18"]
[BlackClock "0:00:08"]

1. d4 Nf6 2. c4 b6 3. Nf3 Bb7 4. g3 e6 5. Bg2 Be7 6. O-O O-O 7. Bf4 d6 8. Qc2 Be4 9. Qd2 Bb7 10. Rd1 Nbd7 11. Qc2 Ne4 12. Nfd2 Nxd2 13. Bxb7 Rb8 14. Bc6 Nxb1 15. Raxb1 Bf6 16. b4 e5 17. dxe5 Nxe5 18. Bxe5 Bxe5 19. Qa4 a5 20. bxa5 bxa5 21. Qxa5 Rb6 22. Bd5 Qb8 23. Rxb6 Qxb6 24. Qxb6 cxb6 25. e3 Bc3 26. Rb1 Ba5 27. Rb3 Rc8 28. f4 Kf8 29. Kf2 Ke7 30. g4 f6 31. h4 g6 32. g5 h6 33. gxf6+ Kxf6 34. Rb1 g5 35. hxg5+ hxg5 36. Kf3 Rh8 37. Rg1 gxf4 38. exf4 Rh3+ 39. Kg4 Rh2 40. a4 Bd2 41. Rf1 Bc3 42. Kg3 Ra2 43. Bc6 Rd2 44. Rh1 Rd4 45. Bd5 Bd2 46. Rh4 Be1+ 47. Kg4 Bxh4 48. Kxh4 Rxf4+ 49. Kg3 Ke5 50. Bg8 Rf8 51. Bd5 Kd4 52. Kg4 Kc5 53. Kg5 Rf2 54. Kg4 Kb4 55. Kg3 Rf8 56. Kg4 Kxa4 57. Kg5 Kb4 58. Kg6 Kc5 59. Be6 Rf4 60. Kg5 Rxc4 0-1


[Site "https://www.chess.com"]

[Event "Titled Tuesday Blitz May 2 Early 2023"]
[White "Reprintsev, Alexander"]
[Black "Mekhitarian, Krikor Sevag"]
[WhiteFideId "14100541"]
[BlackFideId "2107660"]
[WhiteElo "2211"]
[BlackElo "2604"]
[Result "0-1"]
[Round "09"]
[TimeControl "180+2"]
[Date "2023.05.02"]
[WhiteClock "0:00:29"]
[BlackClock "0:00:21"]

1. e4 e6 2. d4 d5 3. Nc3 Nf6 4. Bg5 dxe4 5. Nxe4 Be7 6. Bxf6 gxf6 7. Nc3 a6 8. g3 h5 9. h4 Nc6 10. Nge2 e5 11. d5 Na7 12. Bg2 f5 13. Qd2 Nb5 14. O-O-O Nd6 15. Kb1 b5 16. Rde1 Kf8 17. Nc1 Bf6 18. Nd3 Nc4 19. Qc1 e4 20. Nf4 Qd6 21. Nd1 Bd7 22. Ne3 Nxb2 23. c3 Na4 24. Ne2 Rb8 25. Qc2 Qa3 26. Qb3 Qc5 27. Nd1 Nb6 28. f3 Nc4 29. Ka1 exf3 30. Bxf3 Nd2 31. Qc2 Nxf3 32. Ref1 Ne5 33. Nd4 b4 34. Nxf5 Ng4 35. Rf4 bxc3 36. Rhf1 Rb6 37. R1f3 Qxd5 38. Rd3 Qxd3 0-1


[Site "https://www.chess.com"]

[Event "Titled Tuesday Blitz May 2 Early 2023"]
[White "Bacrot, Etienne"]
[Black "Tasev, Dejan"]
[WhiteFideId "605506"]
[BlackFideId "936618"]
[WhiteElo "2663"]
[BlackElo "2244"]
[Result "1-0"]
[Round "09"]
[TimeControl "180+2"]
[Date "2023.05.02"]
[WhiteClock "0:00:20"]
[BlackClock "0:00:23"]

1. e4 e5 2. Nf3 Nc6 3. Bb5 a6 4. Ba4 Nf6 5. O-O b5 6. Bb3 Be7 7. d4 d6 8. a4 Bb7 9. d5 Na5 10. Ba2 b4 11. Re1 O-O 12. c3 b3 13. Bxb3 Nxb3 14. Qxb3 Qc8 15. Qc2 c6 16. dxc6 Bxc6 17. Bg5 Qb7 18. Nbd2 a5 19. Nh4 h6 20. Bxf6 Bxf6 21. Nf5 d5 22. exd5 Bxd5 23. Ne4 Bd8 24. c4 Bxe4 25. Rxe4 Rb8 26. Rb1 g6 27. Ne3 Bb6 28. Rxe5 Bxe3 29. Rxe3 Rfc8 30. b3 Qc6 31. Rc3 Qc5 32. h3 Rd8 33. Re1 Rb7 34. Rce3 Rbd7 35. Re8+ Kh7 36. Rxd8 Rxd8 37. Qc3 Rd7 38. g3 g5 39. Kg2 Kg6 40. Qf3 f5 41. Rd1 Rxd1 42. Qxd1 Qc6+ 43. Qd5 Qf6 44. c5 f4 45. Qd6 fxg3 46. Qxf6+ Kxf6 47. Kxg3 Ke6 48. Kg4 Kd5 49. Kh5 Kxc5 50. Kxh6 Kb4 51. Kxg5 Kxb3 52. h4 Kxa4 53. h5 Kb4 54. h6 a4 55. h7 a3 56. h8=Q a2 57. Qa1 1-0


[Site "https://www.chess.com"]

[Event "Titled Tuesday Blitz May 2 Early 2023"]
[White "Alinasab, Mobina"]
[Black "Hayrapetyan, Hovik"]
[WhiteFideId "12528897"]
[BlackFideId "13302639"]
[WhiteElo "2149"]
[BlackElo "2348"]
[Result "0-1"]
[Round "09"]
[TimeControl "180+2"]
[Date "2023.05.02"]
[WhiteClock "0:00:02"]
[BlackClock "0:01:11"]

1. Nf3 d5 2. g3 Nf6 3. Bg2 Nc6 4. d4 Bf5 5. O-O Nb4 6. Na3 e6 7. c3 Nc6 8. Nc2 h6 9. b3 Bd6 10. Bb2 O-O 11. c4 a5 12. Ne5 Ne7 13. c5 Bxe5 14. dxe5 Nd7 15. Nd4 Bh7 16. Rc1 Nc6 17. Nxc6 bxc6 18. Qd4 f6 19. exf6 Qxf6 20. Qxf6 gxf6 21. f4 a4 22. b4 Kf7 23. a3 h5 24. Rcd1 Rfd8 25. Bd4 Bf5 26. Rfe1 h4 27. Kf2 hxg3+ 28. hxg3 e5 29. fxe5 fxe5 30. Bc3 Nf6 31. Kg1 Ke6 32. Rf1 Ne4 33. Bxe4 Bxe4 34. Kf2 Rh8 35. Ke1 d4 36. Bd2 Rh2 37. Rg1 Rf8 38. Bg5 Rff2 39. Rd2 Kf5 40. Bd8 d3 41. Bxc7 Rxe2+ 42. Rxe2 Rxe2+ 43. Kd1 Bf3 44. Kc1 d2+ 45. Kc2 Re1 0-1


[Site "https://www.chess.com"]

[Event "Titled Tuesday Blitz May 2 Early 2023"]
[White "Hnydiuk, Aleksander"]
[Black "Maksimovic, Bojan"]
[WhiteFideId "1109057"]
[BlackFideId "14408120"]
[WhiteElo "2374"]
[BlackElo "2468"]
[Result "1-0"]
[Round "09"]
[TimeControl "180+2"]
[Date "2023.05.02"]
[WhiteClock "0:00:02"]
[BlackClock "0:00:02"]

1. e4 g6 2. d4 Nf6 3. e5 Nh5 4. Nf3 d6 5. Bc4 Nc6 6. O-O dxe5 7. d5 e4 8. dxc6 Qxd1 9. Bxf7+ Kxf7 10. Ng5+ Kg7 11. Rxd1 bxc6 12. Nc3 Nf6 13. Rd8 Bb7 14. Be3 h6 15. Ne6+ Kf7 16. Rxa8 Bxa8 17. Nxc7 Bg7 18. Rd1 Nd5 19. N3xd5 cxd5 20. Nxa8 Rxa8 21. Rxd5 Bxb2 22. Rb5 Bf6 23. c4 Rc8 24. c5 Rc7 25. Kf1 h5 26. Ke2 Ke6 27. Ra5 Kd5 28. c6+ Kxc6 29. Rxa7 Rc8 30. Ra6+ Kd5 31. Ra5+ Ke6 32. Ra6+ Kf7 33. Kd2 Rb8 34. Ra4 Rb2+ 35. Kc1 g5 36. a3 Ra2 37. Kb1 Rb2+ 38. Kc1 Ra2 39. Kb1 Ra1+ 40. Kc2 g4 41. Kb3 Rb1+ 42. Kc4 Ke6 43. Ra6+ Kf5 44. a4 h4 45. a5 h3 46. gxh3 gxh3 47. Ra8 Be5 48. Rf8+ Ke6 49. a6 Bxh2 50. a7 Ra1 51. a8=Q Rxa8 52. Rxa8 Be5 53. Ra6+ Kf5 54. Rh6 Kg4 55. Kd5 Bf6 56. Kxe4 Bh4 57. Bf4 1-0


[Site "https://www.chess.com"]

[Event "Titled Tuesday Blitz May 2 Early 2023"]
[White "Remizov, Yaroslav"]
[Black "Mrudul Dehankar"]
[WhiteFideId "34134015"]
[BlackFideId "25096990"]
[WhiteElo "2412"]
[BlackElo "2139"]
[Result "1-0"]
[Round "09"]
[TimeControl "180+2"]
[Date "2023.05.02"]
[WhiteClock "0:01:13"]
[BlackClock "0:00:07"]

1. e4 c6 2. d4 d5 3. Nc3 dxe4 4. Nxe4 Nf6 5. Nxf6+ exf6 6. Bd3 Bd6 7. Qh5 Qe7+ 8. Ne2 f5 9. Bg5 Qc7 10. O-O-O O-O 11. g4 g6 12. Qh6 Re8 13. gxf5 Bxf5 14. Bxf5 Rxe2 15. Bd3 Re8 16. f4 Bf8 17. Qh4 f5 18. Rhe1 Nd7 19. Bc4+ Kh8 20. Bf7 Rxe1 21. Rxe1 Kg7 22. Be8 Nb6 23. Bf6+ Kg8 24. Bxg6 1-0


[Site "https://www.chess.com"]

[Event "Titled Tuesday Blitz May 2 Early 2023"]
[White "Vlassov, Nikolai"]
[Black "Siva Mahadevan"]
[WhiteFideId "4103360"]
[BlackFideId "25043153"]
[WhiteElo "2324"]
[BlackElo "2249"]
[Result "0-1"]
[Round "09"]
[TimeControl "180+2"]
[Date "2023.05.02"]
[WhiteClock "0:00:15"]
[BlackClock "0:00:22"]

1. e4 c5 2. c3 e5 3. Nf3 Nc6 4. Bc4 Be7 5. O-O d6 6. d4 cxd4 7. cxd4 exd4 8. Nxd4 Nf6 9. Nc3 O-O 10. Bf4 Ne5 11. Bb3 Re8 12. Re1 Bf8 13. Qd2 Bd7 14. Rad1 a6 15. Bg5 h6 16. Bh4 Ng6 17. Bg3 Nh5 18. Nf5 Nxg3 19. hxg3 Bxf5 20. exf5 Ne5 21. Nd5 Rc8 22. Re4 Nc6 23. Rde1 Re5 24. f6 gxf6 25. Qf4 Bg7 26. Ne3 Ne7 27. Rd1 Qb6 28. Red4 d5 29. Nxd5 Nxd5 30. Rxd5 Re2 31. Rd7 Rf8 32. Qf3 Rxb2 33. Rxb7 Rxb3 34. Rxb6 Rxb6 35. Qd5 Re8 36. Rc1 Rbe6 37. Rc7 Bf8 38. Rd7 Kg7 39. g4 Kg8 40. g3 Kg7 41. Kg2 Kg8 42. a4 Kg7 43. a5 Kg8 44. Ra7 Bb4 45. Qc4 Bxa5 46. Rxa6 Rxa6 47. Qxa6 Bd8 48. Qc6 Kf8 49. Kh3 Be7 50. f4 Rd8 51. Qc2 Kg7 52. Kh4 f5+ 53. Kh3 fxg4+ 54. Kxg4 Rd6 55. Kf3 Re6 56. Qc5 Bxc5 0-1


[Site "https://www.chess.com"]

[Event "Titled Tuesday Blitz May 2 Early 2023"]
[White "Pakleza, Zbigniew"]
[Black "Iskusnyh, Sergei"]
[WhiteFideId "1119290"]
[BlackFideId "4120027"]
[WhiteElo "2410"]
[BlackElo "2492"]
[Result "0-1"]
[Round "09"]
[TimeControl "180+2"]
[Date "2023.05.02"]
[WhiteClock "0:00:04"]
[BlackClock "0:00:04"]

1. d4 d5 2. Bf4 Nf6 3. e3 c5 4. c3 cxd4 5. cxd4 Nc6 6. Nc3 a6 7. Bd3 Bg4 8. Nf3 e6 9. Qb3 Bxf3 10. gxf3 Na5 11. Qa4+ Nd7 12. Rc1 Rc8 13. O-O Nc4 14. Qc2 Bb4 15. Qb3 Bxc3 16. Rxc3 Nd2 17. Qxb7 Rxc3 18. bxc3 Nxf1 19. Bc7 Qg5+ 20. Kxf1 O-O 21. Qxa6 Qh5 22. Ke2 e5 23. Qb5 exd4 24. Qxd7 Ra8 25. a4 dxe3 26. Qc6 Rc8 27. Ba6 Rf8 28. Bd6 Qg6 29. Qxd5 Qc2+ 30. Kxe3 Re8+ 31. Kf4 Qxc3 32. Bb5 Qf6+ 33. Kg3 Rd8 34. Be5 Qg5+ 0-1


[Site "https://www.chess.com"]

[Event "Titled Tuesday Blitz May 2 Early 2023"]
[White "Spitzl, Vinzent"]
[Black "Gabrielian, Artur"]
[WhiteFideId "12901253"]
[BlackFideId "4131002"]
[WhiteElo "2225"]
[BlackElo "2432"]
[Result "0-1"]
[Round "09"]
[TimeControl "180+2"]
[Date "2023.05.02"]
[WhiteClock "0:00:09"]
[BlackClock "0:00:15"]

1. e4 c5 2. Nf3 d6 3. d4 cxd4 4. Nxd4 Nf6 5. Nc3 Nc6 6. Bg5 Bd7 7. Qd2 a6 8. O-O-O e6 9. f3 Nxd4 10. Qxd4 h6 11. Be3 Bc6 12. Kb1 d5 13. exd5 Nxd5 14. Nxd5 Qxd5 15. Qxd5 Bxd5 16. c4 Bc6 17. Be2 Be7 18. Rd2 Rd8 19. Rhd1 Rxd2 20. Rxd2 g5 21. a3 f5 22. b4 h5 23. Kb2 g4 24. Kb3 Rg8 25. fxg4 hxg4 26. g3 Rh8 27. b5 axb5 28. cxb5 Bd5+ 29. Bc4 Bxc4+ 30. Kxc4 Bxa3 31. Ra2 Be7 32. Ra8+ Bd8 33. Kc5 Kd7 34. Kc4 Rxh2 35. Ra7 Bc7 36. Rxb7 Kc8 37. Ra7 Bxg3 38. b6 Rc2+ 39. Kb5 Bd6 40. Ra8+ Kd7 41. Ra7+ Ke8 42. b7 f4 43. Bb6 g3 44. Ra8+ Kf7 45. Rd8 Be5 46. Bd4 Bxd4 47. Rxd4 Rb2+ 48. Kc6 e5 49. Rd5 g2 50. Rb5 Rxb5 51. Kxb5 g1=Q 0-1


[Site "https://www.chess.com"]

[Event "Titled Tuesday Blitz May 2 Early 2023"]
[White "Klukin, Kirill"]
[Black "Jovic, Stanoje"]
[WhiteFideId "24199273"]
[BlackFideId "905020"]
[WhiteElo "2344"]
[BlackElo "2236"]
[Result "1-0"]
[Round "09"]
[TimeControl "180+2"]
[Date "2023.05.02"]
[WhiteClock "0:00:16"]
[BlackClock "0:00:02"]

1. f4 d5 2. Nf3 c5 3. g3 Nc6 4. Bg2 g6 5. O-O Bg7 6. d3 Nf6 7. Nc3 d4 8. Na4 Qd6 9. c4 O-O 10. a3 e5 11. fxe5 Nxe5 12. Nxe5 Qxe5 13. Bf4 Qe7 14. b4 cxb4 15. axb4 Bg4 16. Bf3 Bxf3 17. Rxf3 Qxb4 18. Rb1 Qe7 19. Qf1 Ng4 20. Nb2 a5 21. Na4 Rfe8 22. h3 Ne3 23. Bxe3 dxe3 24. Nb6 Rad8 25. Kh2 h5 26. Nd5 Rxd5 27. cxd5 h4 28. gxh4 a4 29. h5 a3 30. hxg6 fxg6 31. Kh1 Qe5 32. Rxb7 a2 33. Ra7 a1=Q 34. Rxa1 Qxa1 35. Qxa1 Bxa1 36. Kg2 Bc3 37. Rf4 Bd2 38. d6 Rd8 39. Rd4 Kf7 40. d7 Ke6 41. Rg4 Kf5 42. Rd4 Ke5 43. Re4+ Kd5 44. Re7 Kd6 45. Rg7 Rxd7 46. Rxg6+ Ke5 47. Rg5+ Kd4 48. Rg4+ Kc3 49. Kf3 Rf7+ 50. Rf4 Rh7 51. h4 Kc2 52. d4 Rg7 53. d5 Rg1 54. d6 Kd1 55. d7 Ba5 56. d8=Q+ Bxd8 57. Rd4+ Kc2 58. Rxd8 Rh1 59. Kxe3 Rxh4 60. Kf3 Kc3 61. e4 Kc4 62. Ke3 Kc5 63. Rd1 Kc6 64. Rd2 Kc7 65. Rd5 Rh8 66. Kd4 Rh1 67. Ke5 Rh5+ 68. Ke6 Rh6+ 69. Kf7 Rh7+ 70. Kf6 Rh6+ 71. Kg5 Re6 72. Kf5 Re8 73. e5 Rf8+ 74. Kg5 Re8 75. Kf6 Rf8+ 76. Ke7 Rf5 77. Rc5+ Kb6 78. Ke6 Rh5 79. Rc1 Rh6+ 80. Kd7 Rh7+ 81. Kd6 Rh6+ 82. e6 1-0


[Site "https://www.chess.com"]

[Event "Titled Tuesday Blitz May 2 Early 2023"]
[White "Srihari L R"]
[Black "Kleiman, Jake"]
[WhiteFideId "46617116"]
[BlackFideId "2020041"]
[WhiteElo "2334"]
[BlackElo "2399"]
[Result "0-1"]
[Round "09"]
[TimeControl "180+2"]
[Date "2023.05.02"]
[WhiteClock "0:01:17"]
[BlackClock "0:01:11"]

1. Nf3 Nf6 2. g3 e6 3. Bg2 d5 4. O-O b5 5. d3 Be7 6. e4 O-O 7. e5 Nfd7 8. d4 c5 9. c3 Nc6 10. Re1 a5 11. Nbd2 b4 12. Nf1 a4 13. a3 bxc3 14. bxc3 Na5 15. Be3 Nc4 16. Bc1 Qa5 17. Ne3 Qxc3 18. Nxc4 Qxa1 19. Nd6 Qc3 20. dxc5 Qxc5 21. Nxc8 Rfxc8 22. Qd2 Qc3 23. Qf4 Rc4 24. Qe3 Qxe3 25. Bxe3 Bxa3 26. Nd2 Bb4 0-1


[Site "https://www.chess.com"]

[Event "Titled Tuesday Blitz May 2 Early 2023"]
[White "Gritsenko, Nikolai"]
[Black "Leenhouts, Koen"]
[WhiteFideId "14112493"]
[BlackFideId "1008439"]
[WhiteElo "2389"]
[BlackElo "2409"]
[Result "0-1"]
[Round "09"]
[TimeControl "180+2"]
[Date "2023.05.02"]
[WhiteClock "0:00:15"]
[BlackClock "0:00:19"]

1. d4 Nf6 2. Bg5 d5 3. Nd2 Bf5 4. Bxf6 exf6 5. e3 Bd6 6. Ngf3 O-O 7. c4 dxc4 8. Bxc4 c5 9. O-O Nc6 10. dxc5 Bxc5 11. Rc1 Qe7 12. a3 Rfd8 13. Qe2 Ne5 14. Nxe5 fxe5 15. Rfd1 Rac8 16. Qf3 Bg6 17. b4 Bb6 18. Bd5 Rxc1 19. Rxc1 e4 20. Nxe4 Rxd5 21. Nf6+ Qxf6 22. Qxd5 h5 23. Qxb7 h4 24. h3 Kh7 25. Qf3 Qb2 26. Rc4 Qa1+ 27. Kh2 Bd8 28. e4 Qe5+ 29. Kh1 Bc7 30. Kg1 Qa1+ 0-1


[Site "https://www.chess.com"]

[Event "Titled Tuesday Blitz May 2 Early 2023"]
[White "Bolourchifard, Farzad"]
[Black "Goncalves, Davi Sulzbacher"]
[WhiteFideId "12510084"]
[BlackFideId "2154510"]
[WhiteElo "2317"]
[BlackElo "2182"]
[Result "1-0"]
[Round "09"]
[TimeControl "180+2"]
[Date "2023.05.02"]
[WhiteClock "0:01:07"]
[BlackClock "0:00:01"]

1. d4 Nf6 2. Nf3 g6 3. Bg5 Bg7 4. e3 O-O 5. Be2 b6 6. O-O Bb7 7. c4 d5 8. Nc3 Ne4 9. Bh4 Nxc3 10. bxc3 c5 11. a4 dxc4 12. Bxc4 Nc6 13. Qe2 Qc7 14. Ba6 Rac8 15. Bg3 Qd7 16. Rfd1 cxd4 17. cxd4 Na5 18. Bxb7 Qxb7 19. Be5 Bh6 20. h4 Qe4 21. Qa6 Rc2 22. Qxa7 Nc4 23. Qxe7 Nxe5 24. Qxe5 1-0


[Site "https://www.chess.com"]